[Event "Rated Blitz game"]
[Site "?"]
[Date "2021.11.30"]
[Round "?"]
[White "Horus31"]
[Black "Artem_Ry"]
[Result "0-1"]
[ECO "C42"]
[WhiteElo "2467"]
[BlackElo "2389"]
[PlyCount "98"]
[EventDate "2021.??.??"]
[EventType "blitz"]
[TimeControl "180"]

1. e4 e5 2. Nf3 Nf6 3. Nxe5 d6 4. Nxf7 Kxf7 5. d4 d5 6. e5 Ne8 7. c4 Be6 8.
cxd5 Qxd5 9. Nc3 Bb4 10. Bd2 Qxd4 11. a3 Qxe5+ 12. Be2 Bc5 13. O-O Bd6 14. f4
Qc5+ 15. Kh1 Nf6 16. f5 Bc4 17. b4 Qd4 18. Nb5 Bxb5 19. Bxb5 Qe5 20. Bc4+ Kf8
21. Bf4 Qe7 22. Re1 Qd8 23. b5 a6 24. b6 Nc6 25. bxc7 Bxc7 26. Qf3 Bxf4 27.
Qxf4 Qd4 28. Qf1 Re8 29. Red1 Qh4 30. h3 Ne4 31. Kh2 Qg3+ 32. Kg1 Qe3+ 33. Kh2
Nd2 34. Rxd2 Qxd2 35. f6 Qd6+ 36. Kh1 Qxf6 37. Qb1 g6 38. Qa2 Kg7 39. Rf1 Qg5
40. Rf7+ Kh6 41. Qf2 Ne5 42. Rf4 Nxc4 43. Rxc4 Rhf8 44. Rh4+ Kg7 45. Qb2+ Qf6
46. Qb4 Rf7 47. Rd4 Re1+ 48. Kh2 Qe5+ 49. g3 Rf2# {Normal} 0-1

[Event "Rated Blitz game"]
[Site "?"]
[Date "2021.11.30"]
[Round "?"]
[White "MoveAndThink"]
[Black "andreikashah"]
[Result "0-1"]
[ECO "C42"]
[WhiteElo "2425"]
[BlackElo "2298"]
[PlyCount "88"]
[EventDate "2021.??.??"]
[EventType "blitz"]
[TimeControl "180"]

1. e4 e5 2. Nf3 Nf6 3. Nxe5 d6 4. Nxf7 Kxf7 5. Bc4+ d5 6. exd5 Bd6 7. O-O Rf8
8. d4 Kg8 9. Bb3 Bf5 10. c4 b6 11. Bg5 Nbd7 12. Nc3 Qe8 13. Qd2 Qh5 14. Bf4
Rae8 15. Rfe1 a6 16. Bxd6 cxd6 17. Bc2 Bxc2 18. Qxc2 Ng4 19. h3 Nxf2 20. Rxe8
Qxe8 21. Rf1 Qe3 22. Qe2 Nxh3+ 23. Kh2 Qxe2 24. Rxf8+ Nxf8 25. Nxe2 Ng5 26. b4
Nd7 27. a4 Ne4 28. Nf4 Nc3 29. a5 bxa5 30. bxa5 Kf7 31. Ne6 Ne4 32. Nc7 Nd2 33.
Nxa6 Nxc4 34. Nc7 Nxa5 35. Nb5 Ke7 36. Kg3 Nf6 37. Nc3 Nb3 38. Kf4 Nxd4 39. Ke3
Nf5+ 40. Kf4 Nh4 41. g4 Ng6+ 42. Kf5 Ne5 43. g5 Nh5 44. Ne4 g6# {Normal} 0-1

[Event "Rated Blitz game"]
[Site "?"]
[Date "2021.11.30"]
[Round "?"]
[White "VODOOO"]
[Black "Bodlja"]
[Result "0-1"]
[ECO "C42"]
[WhiteElo "2325"]
[BlackElo "2425"]
[PlyCount "118"]
[EventDate "2021.??.??"]
[EventType "blitz"]
[TimeControl "180+2"]

1. e4 e5 2. Nf3 Nf6 3. Nxe5 d6 4. Nxf7 Kxf7 5. Nc3 Qe8 6. d4 d5 7. e5 c5 8. Be2
cxd4 9. exf6 dxc3 10. Qxd5+ Qe6 11. Qh5+ g6 12. Qf3 Qxf6 13. Qd5+ Kg7 14. b3
Nc6 15. O-O Be6 16. Qb5 Rb8 17. Bg5 Qf5 18. Rfe1 Qxb5 19. Bxb5 Bf7 20. Rad1 Bc5
21. Rd7 Rhe8 22. Red1 h6 23. Bh4 g5 24. Bg3 Re7 25. R7d3 Rbe8 26. h3 a6 27.
Bxc6 bxc6 28. Rxc3 Bb4 29. Rxc6 Re1+ 30. Rxe1 Rxe1+ 31. Kh2 Re2 32. a4 a5 33.
Rc7 Be1 34. c4 Bxf2 35. Bxf2 Rxf2 36. Rc5 Rb2 37. Rb5 Be8 38. Rb7+ Kg6 39. Rb6+
Kf5 40. Kg1 Kf4 41. Kf1 Kg3 42. Ke1 Rxg2 43. Rb8 Bd7 44. Rb7 Bxh3 45. c5 Rc2
46. Rb5 Bd7 47. Rxa5 h5 48. b4 h4 49. Ra7 Bg4 50. Rh7 h3 51. b5 h2 52. c6 Ra2
53. b6 Rxa4 54. b7 Rb4 55. Rh8 Kg2 56. Kd2 h1=Q 57. Rxh1 Kxh1 58. Kc3 Rb6 59.
Kc4 Rxc6+ {Normal} 0-1

[Event "Rated Blitz game"]
[Site "?"]
[Date "2021.11.30"]
[Round "?"]
[White "VODOOO"]
[Black "kinar1"]
[Result "0-1"]
[ECO "C42"]
[WhiteElo "2319"]
[BlackElo "2442"]
[PlyCount "104"]
[EventDate "2021.??.??"]
[EventType "blitz"]
[TimeControl "180+2"]

1. e4 e5 2. Nf3 Nf6 3. Nxe5 d6 4. Nxf7 Kxf7 5. Nc3 Qe8 6. d4 c5 7. Bg5 Nxe4 8.
Qh5+ g6 9. Bc4+ Be6 10. Qf3+ Kg7 11. Nxe4 Bxc4 12. Bf6+ Kg8 13. Bxh8 d5 14.
O-O-O Qxe4 15. Qxe4 dxe4 16. Bf6 Nd7 17. Bh4 Be2 18. Rde1 Bb5 19. Rxe4 Bc6 20.
Rg4 cxd4 21. Rxd4 Bc5 22. Rd3 Bxg2 23. Re1 Bc6 24. a3 Rf8 25. Rd2 Bb6 26. Kb1
Nf6 27. Bg3 Ne4 28. Rde2 Nxg3 29. fxg3 Rf2 30. Rxf2 Bxf2 31. Rd1 Kf7 32. b4 a6
33. Kb2 Ke6 34. c3 h5 35. Rd2 Bb6 36. Re2+ Kf5 37. c4 Bd4+ 38. Kb3 Bf3 39. Re8
Kg4 40. Rf8 Be4 41. Re8 Bf5 42. Rd8 Bg1 43. Rd2 Kh3 44. a4 Bxh2 45. b5 Bxg3 46.
c5 Be6+ 47. Kc2 Bf5+ 48. Kb3 Bf4 49. c6 Bxd2 50. cxb7 Bf4 51. bxa6 Bb8 52. a5
g5 {Normal} 0-1

[Event "Rated Blitz game"]
[Site "?"]
[Date "2021.11.29"]
[Round "?"]
[White "JosePadeiro"]
[Black "bpsakk13"]
[Result "1-0"]
[ECO "C42"]
[WhiteElo "2420"]
[BlackElo "2403"]
[PlyCount "59"]
[EventDate "2021.??.??"]
[EventType "blitz"]
[TimeControl "180+2"]

1. e4 e5 2. Nf3 Nf6 3. Nxe5 d6 4. Nxf7 Kxf7 5. d4 Nxe4 6. Qh5+ g6 7. Qd5+ Kg7
8. Qxe4 Nc6 9. Nc3 Bf5 10. Qe3 Qd7 11. Be2 Bxc2 12. O-O Re8 13. Qd2 Bf5 14. b3
Be7 15. d5 Nd8 16. Bb2 Bf6 17. Nb5 Rhf8 18. Rac1 c5 19. dxc6 bxc6 20. Nxd6 Rxe2
21. Nxf5+ Qxf5 22. Qxe2 Ne6 23. Bxf6+ Rxf6 24. Rxc6 Qd5 25. Rxe6 Rxe6 26. Qb2+
Kg8 27. g3 Qf3 28. Qd4 Re4 29. Qxa7 Qc3 30. Qa8+ {Normal} 1-0

[Event "Rated Blitz game"]
[Site "?"]
[Date "2021.11.29"]
[Round "?"]
[White "NaTalJa_er3"]
[Black "pulchrum-oculis"]
[Result "0-1"]
[ECO "C42"]
[WhiteElo "2349"]
[BlackElo "2407"]
[PlyCount "68"]
[EventDate "2021.??.??"]
[EventType "blitz"]
[TimeControl "180"]

1. e4 e5 2. Nf3 Nf6 3. Nxe5 d6 4. Nxf7 Kxf7 5. d4 c5 6. dxc5 Be6 7. Nc3 Nc6 8.
cxd6 Bxd6 9. Bd3 a6 10. O-O Qc7 11. h3 Bf4 12. Bxf4 Qxf4 13. Nd5 Nxd5 14. exd5
Bxd5 15. Bxh7 Qg5 16. g4 Rxh7 17. f4 Qd8 18. Qd3 Kg8 19. Rad1 Bf7 20. Qf5 Qe8
21. Rfe1 Qf8 22. Rd7 Rxh3 23. Rxb7 Re8 24. Rd1 Ne7 25. Qg5 Ng6 26. Rdd7 Nh8 27.
Kg2 Rhe3 28. Qa5 Re2+ 29. Kg3 R8e3+ 30. Kh4 Rh2+ 31. Kg5 Rh6 32. Rd8 Rg6+ 33.
Kh4 Rh6+ 34. Kg5 Rg6+ {Time forfeit} 0-1

[Event "Rated Blitz tournament xjHrOge6"]
[Site "?"]
[Date "2021.11.29"]
[Round "?"]
[White "LitvinTroll"]
[Black "euar"]
[Result "0-1"]
[ECO "C42"]
[WhiteElo "2221"]
[BlackElo "2443"]
[PlyCount "106"]
[EventDate "2021.??.??"]
[EventType "blitz"]
[TimeControl "180"]

1. e4 e5 2. Nf3 Nf6 3. Nxe5 d6 4. Nxf7 Kxf7 5. d4 c5 6. Bc4+ Be6 7. Bxe6+ Kxe6
8. d5+ Kd7 9. Bg5 Be7 10. O-O h6 11. Bh4 Kc7 12. Nd2 Nxd5 13. Bxe7 Nxe7 14. Nc4
Nbc6 15. a3 b5 16. Ne3 Qd7 17. b4 c4 18. a4 a6 19. axb5 axb5 20. Rxa8 Rxa8 21.
Qf3 Ne5 22. Qg3 g5 23. h3 Qc6 24. f3 Qb6 25. Qf2 Ra3 26. Re1 h5 27. Kh2 g4 28.
f4 Nd7 29. f5 Nf6 30. Qf4 Qd4 31. Rd1 Qe5 32. Qxe5 dxe5 33. Re1 g3+ 34. Kxg3
Nxe4+ 35. Kh2 Nd6 36. g4 hxg4 37. hxg4 Kc6 38. f6 Nd5 39. Nxd5 Kxd5 40. Rf1 Ke6
41. g5 Ra8 42. g6 Rh8+ 43. Kg2 Rg8 44. g7 Kf7 45. Rf3 Ne8 46. Kf2 Nxf6 47. Ke3
Rxg7 48. Kd2 Ke6 49. Kc3 e4 50. Rf1 Rg3+ 51. Kb2 Ke5 52. Rb1 Nd5 53. Ka1 Kd4 {
Time forfeit} 0-1

[Event "Rated Blitz game"]
[Site "?"]
[Date "2021.11.29"]
[Round "?"]
[White "Gdmonster22"]
[Black "adnansendur"]
[Result "1-0"]
[ECO "C42"]
[WhiteElo "2441"]
[BlackElo "2456"]
[PlyCount "71"]
[EventDate "2021.??.??"]
[EventType "blitz"]
[TimeControl "180"]

1. e4 e5 2. Nf3 Nf6 3. Nxe5 d6 4. Nxf7 Kxf7 5. Bc4+ Be6 6. Bxe6+ Kxe6 7. O-O c5
8. c3 Nc6 9. Qb3+ d5 10. exd5+ Qxd5 11. Qxb7 Rb8 12. Re1+ Kf5 13. Qa6 Bd6 14.
c4 Rhe8 15. Rf1 Nb4 16. Qxa7 Qxc4 17. d3 Nxd3 18. Nc3 Qh4 19. g3 Qh3 20. Qxg7
Rg8 21. Qh6 Qxh6 22. Bxh6 Nxb2 23. a4 Be5 24. Nb5 Nd3 25. Rad1 c4 26. f4 Bb2
27. Nd6+ Ke6 28. Nxc4 Nc5 29. Rfe1+ Kf5 30. Bg5 Nfe4 31. Nd6+ Nxd6 32. Rxd6
Rge8 33. Rd5+ Kg4 34. Rxe8 Rxe8 35. Kf2 Ne4+ 36. Kg2 {Time forfeit} 1-0

[Event "Rated Blitz game"]
[Site "?"]
[Date "2021.11.29"]
[Round "?"]
[White "Gdmonster22"]
[Black "kicker90"]
[Result "0-1"]
[ECO "C42"]
[WhiteElo "2412"]
[BlackElo "2365"]
[PlyCount "128"]
[EventDate "2021.??.??"]
[EventType "blitz"]
[TimeControl "180"]

1. e4 e5 2. Nf3 Nf6 3. Nxe5 d6 4. Nxf7 Kxf7 5. Bc4+ Be6 6. Bxe6+ Kxe6 7. O-O
Be7 8. c3 Kf7 9. Qb3+ Ke8 10. Qxb7 Nbd7 11. d3 Qb8 12. Qc6 Kd8 13. Nd2 Ne5 14.
Qa6 Qb6 15. Qxb6 axb6 16. d4 Nd3 17. f4 Ng4 18. Rf3 Nxc1 19. Rxc1 Rxa2 20. Rc2
Kd7 21. h3 Nh6 22. g4 Rf8 23. Kg2 b5 24. g5 Nf7 25. h4 h6 26. g6 Nd8 27. h5 Ne6
28. Kg3 b4 29. d5 Nxf4 30. Rxf4 Rxf4 31. Kxf4 Bg5+ 32. Kf5 Bxd2 33. cxb4 Bxb4
34. e5 dxe5 35. Kxe5 Bd6+ 36. Kf5 Ra5 37. Rd2 Ra4 38. Rf2 Rd4 39. Rf3 Rxd5+ 40.
Kg4 Rg5+ 41. Kh3 Rxh5+ 42. Kg2 Rg5+ 43. Kf2 Rxg6 44. Ke3 Rg3 45. b3 Rxf3+ 46.
Kxf3 Ke6 47. Kg4 g6 48. Kf3 Kd5 49. Kg4 Kc5 50. Kf3 Kb4 51. Kg2 Kxb3 52. Kf3
Kc3 53. Ke4 Kc4 54. Kf3 Kd4 55. Kg4 Kd3 56. Kf3 c5 57. Kg4 c4 58. Kf3 h5 59.
Kg2 g5 60. Kh3 c3 61. Kg2 c2 62. Kh3 c1=Q 63. Kg2 Qc6+ 64. Kh3 Qf3# {Normal}
0-1

[Event "Rated Rapid game"]
[Site "?"]
[Date "2021.11.29"]
[Round "?"]
[White "florindorache"]
[Black "mihaking123"]
[Result "0-1"]
[ECO "C42"]
[WhiteElo "2430"]
[BlackElo "2341"]
[PlyCount "84"]
[EventDate "2021.??.??"]
[EventType "rapid"]
[TimeControl "600"]

1. e4 e5 2. Nf3 Nf6 3. Nxe5 d6 4. Nxf7 Kxf7 5. Bc4+ Be6 6. Bxe6+ Kxe6 7. O-O
Kd7 8. Nc3 Nc6 9. d4 Kc8 10. f4 d5 11. e5 Ne4 12. Nxe4 dxe4 13. Be3 Ne7 14. c4
Nf5 15. Qd2 Be7 16. Rae1 b6 17. Qc2 Nxe3 18. Qxe4 Nxf1 19. Qxa8+ Kd7 20. e6+
Ke8 21. Qc6+ Kf8 22. Rxf1 Qxd4+ 23. Kh1 Qd8 24. Qe4 Bf6 25. f5 Ke7 26. Qf3 Qa8
27. Qa3+ c5 28. Rd1 Rd8 29. Rxd8 Kxd8 30. Qd3+ Bd4 31. f6 gxf6 32. Qxh7 Qc6 33.
Qg8+ Qe8 34. Qg4 Ke7 35. h4 Qc6 36. Qg7+ Kxe6 37. h5 Qe4 38. Qg8+ Ke5 39. Qe8+
Kf4 40. Qxe4+ Kxe4 41. g4 Kf4 42. h6 Kxg4 {Normal} 0-1

[Event "Rated Blitz game"]
[Site "?"]
[Date "2021.11.29"]
[Round "?"]
[White "Gdmonster22"]
[Black "adnansendur"]
[Result "1-0"]
[ECO "C42"]
[WhiteElo "2446"]
[BlackElo "2461"]
[PlyCount "47"]
[EventDate "2021.??.??"]
[EventType "blitz"]
[TimeControl "180"]

1. e4 e5 2. Nf3 Nf6 3. Nxe5 d6 4. Nxf7 Kxf7 5. Bc4+ Be6 6. Bxe6+ Kxe6 7. O-O c5
8. c3 Kd7 9. Re1 Kc7 10. d4 Nc6 11. Bf4 b6 12. h3 Kb7 13. Bh2 g6 14. d5 Ne5 15.
f4 Nf7 16. e5 dxe5 17. fxe5 Nxd5 18. e6 Ng5 19. h4 Be7 20. hxg5 Bxg5 21. Qf3
Rf8 22. Qe4 Rf5 23. c4 Qf6 24. Nc3 {Normal} 1-0

[Event "Rated Blitz game"]
[Site "?"]
[Date "2021.11.29"]
[Round "?"]
[White "Roberto_Baggio1978"]
[Black "germansanch"]
[Result "0-1"]
[ECO "C42"]
[WhiteElo "2581"]
[BlackElo "2441"]
[PlyCount "60"]
[EventDate "2021.??.??"]
[EventType "blitz"]
[TimeControl "180"]

1. e4 e5 2. Nf3 Nf6 3. Nxe5 d6 4. Nxf7 Kxf7 5. d4 c5 6. Bc4+ d5 7. exd5 b5 8.
Bxb5 Qxd5 9. O-O Bb7 10. f3 Qxd4+ 11. Qxd4 cxd4 12. Nd2 Nbd7 13. Nb3 Bc5 14.
Bg5 a6 15. Bxf6 axb5 16. Nxc5 Nxc5 17. Bxd4 Ne6 18. Be3 Rhc8 19. c3 Bd5 20.
Rfd1 Rxa2 21. Rxa2 Bxa2 22. Rd7+ Kf6 23. g4 Rd8 24. Rb7 Rd1+ 25. Kg2 Bc4 26. h4
Ke5 27. h5 Nf4+ 28. Bxf4+ Kxf4 29. Rxg7 Rd2+ 30. Kg1 Kg3 {Normal} 0-1

[Event "Rated Blitz game"]
[Site "?"]
[Date "2021.11.28"]
[Round "?"]
[White "freechess11"]
[Black "Satsanga"]
[Result "0-1"]
[ECO "C42"]
[WhiteElo "2469"]
[BlackElo "2531"]
[PlyCount "60"]
[EventDate "2021.??.??"]
[EventType "blitz"]
[TimeControl "300"]

1. e4 e5 2. Nf3 Nf6 3. Nxe5 d6 4. Nxf7 Kxf7 5. Nc3 Be7 6. d4 Re8 7. Bc4+ Be6 8.
Qe2 Bxc4 9. Qxc4+ Kf8 10. O-O c6 11. f4 d5 12. Qb3 Qb6 13. Qxb6 axb6 14. e5 Ng8
15. Ne2 c5 16. c3 Nc6 17. Be3 cxd4 18. cxd4 Nb4 19. Rf3 Nc2 20. Rc1 Nxe3 21.
Rxe3 Rxa2 22. Rc2 b5 23. Nc3 Ra1+ 24. Kf2 Rc8 25. Ree2 Rc4 26. Red2 Bb4 27. g4
Ne7 28. f5 Nc6 29. Ke3 Re1+ 30. Re2 Rxe2+ {Normal} 0-1

[Event "Rated Blitz tournament EcQDh904"]
[Site "?"]
[Date "2021.11.28"]
[Round "?"]
[White "Luciano27"]
[Black "Abanamatt"]
[Result "1-0"]
[ECO "C42"]
[WhiteElo "2412"]
[BlackElo "2410"]
[PlyCount "69"]
[EventDate "2021.??.??"]
[EventType "blitz"]
[TimeControl "180+2"]

1. e4 e5 2. Nf3 Nf6 3. Nxe5 d6 4. Nxf7 Kxf7 5. d4 c5 6. dxc5 Nc6 7. Bc4+ Be6 8.
Bxe6+ Kxe6 9. Nc3 dxc5 10. Qe2 Qd4 11. Be3 Qb4 12. O-O-O Be7 13. a3 Qxc3 14.
bxc3 Kf7 15. e5 Nxe5 16. Bxc5 Bxc5 17. Qxe5 Be7 18. f4 Rac8 19. f5 Rhe8 20. Qa5
Bc5 21. Qa4 Be7 22. Qb3+ Kf8 23. Rhe1 Rc6 24. h3 Rb6 25. Qa2 Rc8 26. g4 Rxc3
27. Rxe7 Kxe7 28. g5 Nd7 29. Qd5 Rc7 30. Re1+ Kf8 31. Qe4 Rc8 32. Qe7+ Kg8 33.
Qxd7 Rbc6 34. Re2 R6c7 35. Re8+ {Normal} 1-0

[Event "Rated Blitz tournament KawCuhpe"]
[Site "?"]
[Date "2021.11.28"]
[Round "?"]
[White "Karimbenz9999"]
[Black "chessas2004"]
[Result "1-0"]
[ECO "C42"]
[WhiteElo "2687"]
[BlackElo "2391"]
[PlyCount "69"]
[EventDate "2021.??.??"]
[EventType "blitz"]
[TimeControl "180"]

1. e4 e5 2. Nf3 Nf6 3. Nxe5 d6 4. Nxf7 Kxf7 5. d4 c5 6. c3 Be6 7. Bd3 g6 8. O-O
Bg7 9. f4 cxd4 10. cxd4 Re8 11. f5 gxf5 12. exf5 Bd5 13. Nc3 Bc6 14. g4 h6 15.
h4 Ne4 16. Nxe4 Bxe4 17. f6 Bf8 18. g5 Kg6 19. Rf4 d5 20. f7 Re6 21. Bxe4+ dxe4
22. Qg4 Qxd4+ 23. Kg2 Qe5 24. h5+ Kh7 25. g6+ Kg7 26. Be3 Nc6 27. Raf1 Rd8 28.
Rf5 Qxb2+ 29. R1f2 Qc3 30. Qf4 Kh8 31. Bc1 Nd4 32. Bb2 Qc4 33. Rf6 Rxf6 34.
Qxf6+ Bg7 35. Qxd8+ {Time forfeit} 1-0

[Event "Rated Blitz game"]
[Site "?"]
[Date "2021.11.28"]
[Round "?"]
[White "shabashabdullatef"]
[Black "pacoadell"]
[Result "1-0"]
[ECO "C42"]
[WhiteElo "2399"]
[BlackElo "2411"]
[PlyCount "41"]
[EventDate "2021.??.??"]
[EventType "blitz"]
[TimeControl "180+2"]

1. e4 e5 2. Nf3 Nf6 3. Nxe5 d6 4. Nxf7 Kxf7 5. d4 d5 6. e5 Ne4 7. Bd3 Be7 8.
Qf3+ Kg8 9. Bxe4 dxe4 10. Qxe4 c5 11. d5 Bg5 12. f4 Bh6 13. O-O Nd7 14. c4 Nb6
15. Nc3 Qf8 16. f5 Bxc1 17. Raxc1 Bd7 18. f6 g6 19. e6 Ba4 20. f7+ Kg7 21. e7 {
Normal} 1-0

[Event "Rated Blitz tournament KawCuhpe"]
[Site "?"]
[Date "2021.11.28"]
[Round "?"]
[White "Karimbenz9999"]
[Black "Selcouth21"]
[Result "1/2-1/2"]
[ECO "C42"]
[WhiteElo "2697"]
[BlackElo "2862"]
[PlyCount "184"]
[EventDate "2021.??.??"]
[EventType "blitz"]
[TimeControl "180"]

1. e4 e5 2. Nf3 Nf6 3. Nxe5 d6 4. Nxf7 Kxf7 5. d4 Be7 6. Bc4+ d5 7. exd5 Bd6 8.
O-O Re8 9. Bb3 Kg8 10. h3 b5 11. Nd2 Bf5 12. a4 b4 13. c3 bxc3 14. bxc3 Nbd7
15. c4 Bb4 16. Qf3 Be4 17. Nxe4 Nxe4 18. Bc2 Ndf6 19. Bf4 Bd6 20. Rfe1 Bxf4 21.
Qxf4 Qd6 22. Qf3 Ng5 23. Qf5 Nf7 24. Re6 Nh6 25. Qf3 Rxe6 26. dxe6 c6 27. Re1
Re8 28. Qe3 Kh8 29. g4 Nhg8 30. Kg2 Re7 31. Qe5 Qb4 32. g5 Ne8 33. Qe4 g6 34.
Qe5+ Ng7 35. d5 Qxc4 36. Be4 cxd5 37. Bxd5 Qc7 38. Qxc7 Rxc7 39. Rd1 Nf5 40.
Be4 Ng7 41. Rd6 Re7 42. Bd5 h6 43. f4 hxg5 44. fxg5 Nf5 45. Rd7 Ne3+ 46. Kg3
Nxd5 47. Rxd5 Rxe6 48. Ra5 a6 49. h4 Kg7 50. Kg4 Rc6 51. Kg3 Ne7 52. Kf3 Kf7
53. Ke3 Nf5+ 54. Ke4 Nxh4 55. Kd5 Re6 56. Rc5 Nf5 57. Rc7+ Ne7+ 58. Kd4 Rd6+
59. Ke4 Ke6 60. Ra7 Nc6 61. Rxa6 Ne5 62. Rxd6+ Kxd6 63. a5 Nc6 64. a6 Ke6 65.
Kd3 Kd5 66. Ke3 Ke5 67. Kd3 Kf5 68. Kc4 Kxg5 69. Kc5 Na7 70. Kb6 Nc8+ 71. Kb7
Nd6+ 72. Kc7 Nb5+ 73. Kb6 Nd6 74. Kc6 Nc8 75. Kc7 Na7 76. Kd7 Kf4 77. Kc7 g5
78. Kb6 g4 79. Kxa7 g3 80. Kb7 g2 81. a7 g1=Q 82. a8=Q Kf3 83. Kb8+ Kf2 84.
Qa7+ Kf1 85. Qf7+ Qf2 86. Qc4+ Kg1 87. Qg4+ Qg2 88. Qd1+ Kh2 89. Qh5+ Kg1 90.
Qc5+ Kh1 91. Qh5+ Qh2+ 92. Qxh2+ Kxh2 {Normal} 1/2-1/2

[Event "Rated Blitz tournament jMkLc8tW"]
[Site "?"]
[Date "2021.11.28"]
[Round "?"]
[White "zavalaorlan"]
[Black "germansanch"]
[Result "0-1"]
[ECO "C42"]
[WhiteElo "2323"]
[BlackElo "2419"]
[PlyCount "138"]
[EventDate "2021.??.??"]
[EventType "blitz"]
[TimeControl "180"]

1. e4 e5 2. Nf3 Nf6 3. Nxe5 d6 4. Nxf7 Kxf7 5. Nc3 Qe8 6. d4 Nxe4 7. Qh5+ g6 8.
Qd5+ Qe6 9. Qxe6+ Bxe6 10. Nxe4 h6 11. Bd3 Bg7 12. c3 Re8 13. O-O Nd7 14. Bd2
Re7 15. Rae1 Rae8 16. Re2 Bd5 17. Rfe1 Bxa2 18. c4 Nf6 19. Nxf6 Bxf6 20. Rxe7+
Rxe7 21. Rxe7+ Kxe7 22. Bc3 g5 23. Kf1 d5 24. c5 b6 25. Ke2 bxc5 26. dxc5 Bxc3
27. bxc3 Kd7 28. Ke3 c6 29. Kd4 Ke6 30. g4 a5 31. Bf5+ Ke7 32. Ke5 a4 33. Kd4
Bb3 34. c4 dxc4 35. Kc3 a3 36. f3 a2 37. Kb2 Kf6 38. Be4 Ke5 39. Bxc6 Kd4 40.
Be4 Kxc5 41. h4 Kb4 42. hxg5 hxg5 43. f4 gxf4 44. g5 c3+ 45. Ka1 Ka3 46. g6 c2
47. Bxc2 Bg8 48. g7 Kb4 49. Kb2 Kc5 50. Ka1 Kd6 51. Kb2 Ke7 52. Be4 Kf6 53. Bf3
Kxg7 54. Be2 Kf6 55. Bd3 Ke5 56. Be2 Bd5 57. Bf3 Be4 58. Bxe4 Kxe4 59. Kxa2 f3
60. Kb2 f2 61. Kc1 f1=Q+ 62. Kd2 Qf2+ 63. Kc3 Kd5 64. Kd3 Qf3+ 65. Kd2 Kc4 66.
Ke1 Qg2 67. Kd1 Kc3 68. Ke1 Kd3 69. Kd1 Qd2# {Normal} 0-1

[Event "Rated Blitz game"]
[Site "?"]
[Date "2021.11.27"]
[Round "?"]
[White "Ahmed_Fahmi"]
[Black "mhmoud_sayed55"]
[Result "0-1"]
[ECO "C42"]
[WhiteElo "2250"]
[BlackElo "2429"]
[PlyCount "74"]
[EventDate "2021.??.??"]
[EventType "blitz"]
[TimeControl "180"]

1. e4 e5 2. Nf3 Nf6 3. Nxe5 d6 4. Nxf7 Kxf7 5. Nc3 Be6 6. d4 Be7 7. d5 Bd7 8.
Bd3 Re8 9. O-O Kg8 10. f4 Bf8 11. Qe1 c6 12. Bc4 cxd5 13. Nxd5 Be6 14. Nxf6+
Qxf6 15. Bd3 Nc6 16. Bd2 Be7 17. Bc3 Qf7 18. Rf3 Bf6 19. e5 dxe5 20. fxe5 Nxe5
21. Bxe5 Bg4 22. Rxf6 gxf6 23. Qg3 Rxe5 24. Qxg4+ Rg5 25. Qf3 Rf8 26. Rf1 Kg7
27. b3 Qh5 28. Qxb7+ Rf7 29. Qe4 Rg4 30. Qf5 Rg5 31. Qf3 Qxf3 32. Rxf3 Re5 33.
a4 h5 34. h3 f5 35. g4 hxg4 36. hxg4 fxg4 37. Rg3 Rf4 {Normal} 0-1

[Event "Rated Blitz game"]
[Site "?"]
[Date "2021.11.27"]
[Round "?"]
[White "ukic10"]
[Black "AlexBel198475"]
[Result "1-0"]
[ECO "C42"]
[WhiteElo "2403"]
[BlackElo "2363"]
[PlyCount "39"]
[EventDate "2021.??.??"]
[EventType "blitz"]
[TimeControl "180"]

1. e4 e5 2. Nf3 Nf6 3. Nxe5 d6 4. Nxf7 Kxf7 5. d4 Be6 6. Bd3 Be7 7. O-O Rf8 8.
c3 Kg8 9. f4 c5 10. d5 Bf7 11. c4 Nfd7 12. Nc3 Bf6 13. Qc2 a6 14. e5 dxe5 15.
Bxh7+ Kh8 16. fxe5 Nxe5 17. Bf5 Nbd7 18. Ne4 b5 19. Qb3 bxc4 20. Qh3+ {Normal}
1-0

[Event "Rated Blitz game"]
[Site "?"]
[Date "2021.11.27"]
[Round "?"]
[White "Ahmed_Fahmi"]
[Black "mhmoud_sayed55"]
[Result "1/2-1/2"]
[ECO "C42"]
[WhiteElo "2259"]
[BlackElo "2419"]
[PlyCount "142"]
[EventDate "2021.??.??"]
[EventType "blitz"]
[TimeControl "180"]

1. e4 e5 2. Nf3 Nf6 3. Nxe5 d6 4. Nxf7 Kxf7 5. Nc3 Be7 6. Bc4+ Be6 7. Bxe6+
Kxe6 8. d4 Re8 9. O-O Kf7 10. f4 d5 11. e5 Ne4 12. Nxe4 dxe4 13. f5 Kg8 14. c3
c5 15. d5 c4 16. d6 Bf8 17. Bf4 Nd7 18. Qd5+ Kh8 19. Qxe4 Nxe5 20. Bxe5 Bxd6
21. Bxg7+ Kxg7 22. f6+ Kh8 23. Qxb7 Qb6+ 24. Qxb6 axb6 25. a3 Bc5+ 26. Kh1 Re2
27. Rae1 Rxe1 28. Rxe1 Rf8 29. Re6 h6 30. g4 Kh7 31. h4 Kg6 32. f7+ Kg7 33. Re4
Rxf7 34. Rxc4 Rf2 35. b4 Be3 36. Re4 Bc1 37. a4 Rf3 38. c4 Rf4 39. Rxf4 Bxf4
40. Kg2 Bd2 41. c5 bxc5 42. bxc5 Kf6 43. Kf3 Ke5 44. a5 Bxa5 45. g5 h5 46. g6
Kf6 47. c6 Kxg6 48. Kf4 Bc7+ 49. Kf3 Kf5 50. Kg2 Ke6 51. Kh3 Kd6 52. Kg2 Kxc6
53. Kh1 Kd5 54. Kg2 Ke4 55. Kh1 Kf4 56. Kg2 Kg4 57. Kh1 Kf3 58. Kg1 Bb6+ 59.
Kh1 Bc7 60. Kg1 Kg3 61. Kh1 Kg4 62. Kg1 Bb6+ 63. Kh1 Bc5 64. Kh2 Bd6+ 65. Kh1
Be5 66. Kg1 Bf4 67. Kh1 Be3 68. Kg2 Bc5 69. Kh1 Bd6 70. Kg2 Bc5 71. Kh1 Kh3 {
Normal} 1/2-1/2

[Event "Rated Blitz game"]
[Site "?"]
[Date "2021.11.27"]
[Round "?"]
[White "barbosean"]
[Black "SpeedGod1"]
[Result "1-0"]
[ECO "C42"]
[WhiteElo "2476"]
[BlackElo "2363"]
[PlyCount "57"]
[EventDate "2021.??.??"]
[EventType "blitz"]
[TimeControl "180"]

1. e4 e5 2. Nf3 Nf6 3. Nxe5 d6 4. Nxf7 Kxf7 5. Nc3 c5 6. Bc4+ Be6 7. Qe2 Nc6 8.
Bxe6+ Kxe6 9. Qc4+ Kd7 10. O-O Be7 11. d3 Qc7 12. f4 Rae8 13. f5 Kc8 14. Bf4
Rhf8 15. a4 Ne5 16. Qb3 Qb6 17. Qe6+ Kb8 18. a5 Qd8 19. Rfb1 Nh5 20. Bxe5 dxe5
21. a6 b6 22. Qc6 Qc7 23. Qb5 Nf4 24. g3 Nh3+ 25. Kg2 Ng5 26. Nd5 Qd6 27. b4
cxb4 28. c4 Qh6 29. Qd7 {Normal} 1-0

[Event "Rated Blitz game"]
[Site "?"]
[Date "2021.11.26"]
[Round "?"]
[White "S_Guliev"]
[Black "Accjgm980523"]
[Result "0-1"]
[ECO "C42"]
[WhiteElo "2578"]
[BlackElo "2533"]
[PlyCount "50"]
[EventDate "2021.??.??"]
[EventType "blitz"]
[TimeControl "180"]

1. e4 e5 2. Nf3 Nf6 3. Nxe5 d6 4. Nxf7 Kxf7 5. Nc3 c5 6. f4 Nc6 7. Bc4+ Be6 8.
Bxe6+ Kxe6 9. O-O Kd7 10. d3 a6 11. Be3 Qe8 12. Qf3 Qh5 13. Qg3 Be7 14. h3 Nd4
15. Qf2 Raf8 16. Rae1 g5 17. f5 g4 18. Bxd4 cxd4 19. Qxd4 gxh3 20. e5 hxg2 21.
Rf4 Qh1+ 22. Kf2 Qh2 23. Rg1 Rhg8 24. e6+ Kc8 25. Qb6 Qxf4+ {Normal} 0-1

[Event "Rated Blitz game"]
[Site "?"]
[Date "2021.11.26"]
[Round "?"]
[White "wallie666"]
[Black "uncompromising90"]
[Result "1-0"]
[ECO "C42"]
[WhiteElo "2504"]
[BlackElo "2461"]
[PlyCount "77"]
[EventDate "2021.??.??"]
[EventType "blitz"]
[TimeControl "180"]

1. e4 e5 2. Nf3 Nf6 3. Nxe5 d6 4. Nxf7 Kxf7 5. d4 Bg4 6. f3 Bh5 7. Nc3 Be7 8.
g4 Bg6 9. h4 h5 10. g5 Nfd7 11. Bc4+ Kf8 12. O-O Nb6 13. Bb3 Bf7 14. Bxf7 Kxf7
15. f4 Na6 16. f5 Ke8 17. a3 Kd7 18. b4 c6 19. Bb2 Nc7 20. Rf2 Nc4 21. Bc1 Kc8
22. Qd3 Nb6 23. e5 dxe5 24. dxe5 Qxd3 25. cxd3 Nbd5 26. Ne4 a5 27. bxa5 Rxa5
28. f6 gxf6 29. exf6 Bf8 30. Bb2 Rg8 31. Kh1 Ne6 32. a4 b5 33. axb5 Rxa1+ 34.
Bxa1 cxb5 35. Be5 Kd7 36. Ra2 Bc5 37. f7 Rg6 38. Nxc5+ Nxc5 39. f8=Q {Normal}
1-0

[Event "Rated Blitz game"]
[Site "?"]
[Date "2021.11.26"]
[Round "?"]
[White "Ch1llax"]
[Black "Reydeguzman"]
[Result "1-0"]
[ECO "C42"]
[WhiteElo "2691"]
[BlackElo "2280"]
[PlyCount "49"]
[EventDate "2021.??.??"]
[EventType "blitz"]
[TimeControl "180"]

1. e4 e5 2. Nf3 Nf6 3. Nxe5 d6 4. Nxf7 Kxf7 5. d4 c5 6. Bc4+ d5 7. exd5 Bd6 8.
O-O Re8 9. h3 Kg8 10. Bg5 Bf5 11. Nc3 Nbd7 12. Nb5 Qb6 13. dxc5 Bxc5 14. d6+
Kh8 15. Nc7 Bxd6 16. Nxa8 Rxa8 17. Be3 Bc5 18. Bxc5 Qxc5 19. Bb3 h6 20. Qf3 Bh7
21. Rad1 Ne5 22. Qxb7 Rf8 23. a3 Ne4 24. Qb4 Qc7 25. Qxf8+ {Normal} 1-0

[Event "Rated Blitz game"]
[Site "?"]
[Date "2021.11.26"]
[Round "?"]
[White "judineptune"]
[Black "darthpetrov2000"]
[Result "0-1"]
[ECO "C42"]
[WhiteElo "2551"]
[BlackElo "2631"]
[PlyCount "32"]
[EventDate "2021.??.??"]
[EventType "blitz"]
[TimeControl "180"]

1. e4 e5 2. Nf3 Nf6 3. Nxe5 d6 4. Nxf7 Kxf7 5. d4 c5 6. dxc5 Nc6 7. cxd6 Qxd6
8. Bc4+ Be6 9. Bxe6+ Qxe6 10. O-O Rd8 11. Bd2 Nxe4 12. Re1 Qf5 13. f3 Bc5+ 14.
Kf1 Rhe8 15. Qe2 Nxd2+ 16. Qxd2 Rxd2 {Normal} 0-1